 Dungeon Crawl Stone Soup version 0.16-a0-670-g3b10be2 (webtiles) character file.

903 Foahim the Skirmisher (level 8, 0/61 HPs)
             Began as a Human Fighter on Sept 19, 2014.
             Slain by an orc wizard
             ... wielding a +0 dagger
              (4 damage)
             ... on Level 5 of the Dungeon.
             The game lasted 00:23:07 (4347 turns).

Foahim the Skirmisher (Human Fighter)               Turns: 4347, Time: 00:23:08

HP   0/61        AC 10     Str 20      XL: 8   Next: 28%
MP   8/8         EV  9     Int  8      God:
Gold 242         SH  0     Dex 12      Spells:  0 memorised,  7 levels left

rFire  . . .     SeeInvis .     E - +0 scythe
rCold  . . .     Clarity  .     b - +0 scale mail
rNeg   . . .     rCorr    .     (no shield)
rPois  .         rRot     .     G - +0 helmet
rElec  .         Spirit   .     n - +0 cloak
SustAb .         Warding  .     y - +0 pair of gloves
rMut   .         Stasis   .     (no boots)
Gourm  .                        (no amulet)
MR     .....                    (no ring)
                                (no ring)

@: not resistant to hostile enchantments, extremely unstealthy
A: no striking features
a: no special abilities


You were on level 5 of the Dungeon.
You were not hungry.

You visited 1 branch of the dungeon, and saw 5 of its levels.

You collected 242 gold pieces.

Inventory:

Hand weapons
 a - a +0 trident
 u - a +0 dagger of venom
 v - a +2 dagger of speed
 E - a +0 scythe (weapon)
Armour
 b - a +0 scale mail (worn)
 c - a +0 shield
 n - a +0 cloak (worn)
 y - a +0 pair of gloves (worn)
 G - a +0 helmet (worn)
Comestibles
 f - 2 meat rations
 t - a royal jelly
Scrolls
 d - a scroll of immolation {unknown}
 j - a scroll of blinking {unknown}
 k - a scroll of fear {unknown}
 m - 2 scrolls of remove curse
 o - a scroll of magic mapping {unknown}
 p - a scroll of enchant armour {unknown}
 r - 4 scrolls of identify
 s - 2 scrolls of teleportation {unknown}
 x - 2 scrolls of fog {unknown}
 z - a scroll of recharging {unknown}
 C - a scroll of noise {unknown}
Jewellery
 D - an uncursed ring of magical power {unknown}
Potions
 e - 2 potions of might
 g - a potion of cancellation {unknown}
 h - a potion of curing
 i - 2 potions of restore abilities
 l - a potion of agility {unknown}
 q - a potion of poison {unknown}
 w - a potion of cure mutation {unknown}
 A - a potion of berserk rage {unknown}
 F - a potion of resistance {unknown}


   Skills:
 + Level 4.9 Fighting
 + Level 4.5 Polearms
 + Level 4.7 Armour
 + Level 3.8 Dodging
 + Level 0.9 Stealth
 + Level 4.7 Shields


You had 7 spell levels left.
You didn't know any spells.

Dungeon Overview and Level Annotations

Branches:
Dungeon (5/15)
 Temple: D:4-7

Altars:
Elyvilon
Makhleb
Okawaru
Yredelemnul


Message History

The orc wizard blinks!
The orc wizard points at you and mumbles some strange words.
You resist.
You are too injured to fight recklessly!
You closely miss the orc wizard.
The orc wizard is almost dead.
The orc wizard gestures wildly while chanting.
The orc wizard seems to speed up.
The orc wizard mumbles some strange words.
The orc wizard blinks!
You are too injured to fight recklessly!
The orc wizard points at you and mumbles some strange words.
The magic dart hits you!
* * * LOW HITPOINT WARNING * * *
You see here a mace.
You are too injured to fight recklessly!
You closely miss the orc wizard.
The orc wizard is almost dead.
The orc wizard closely misses you. The orc wizard hits you with a dagger.
You die...

........# #...........#
#################...#####
...........#
#################..#
##.........# ##.o...##
......####.###...#.).## ##
......'..#.##...###...##..
......##.#.#.......)...#.#
......##.#.#..#.@.).#..#.#
......'..#.#.##.o_..##.#.#
......####.#..#.).).#..#.#
......'..#.............#.#
......##.#......###......#
......##.#.###...#.....#.#
......##.#.# ##.....####...
......##.#.#######..#########
########.#...................


You could see an orc wizard.

Vanquished Creatures
  The ghost of Foahim the Shield-Bearer, an average HuFi (D:3)
  2 ogres (D:5)
  Sigmund (D:4)
  A scorpion (D:5)
  A crimson imp (D:5)
  2 hounds
  A jelly (D:5)
  4 orc wizards (D:5)
  2 orc priests (D:5)
  A worker ant (D:4)
  Jessica (D:2)
  The ghost of asdu the Cudgeler, a weakling VSBe of Trog (D:4)
  3 adders
  2 orc skeletons (D:4)
  A shadow imp (D:5)
  A giant mite (D:3)
  2 giant geckos
  2 oozes (D:1)
  10 orcs
  A ball python (D:1)
  3 giant cockroaches
  2 gnoll zombies (D:3)
  10 goblins
  11 hobgoblins
  8 jackals
  8 kobolds
  2 quokkas
  11 bats
  5 giant newts
  A hobgoblin zombie (D:5)
  5 rats
106 creatures vanquished.

Notes
Turn   | Place    | Note
--------------------------------------------------------------
     0 | D:1      | Foahim, the Human Fighter, began the quest for the Orb.
     0 | D:1      | Reached XP level 1. HP: 18/18 MP: 1/1
    92 | D:1      | Reached XP level 2. HP: 12/24 MP: 2/2
   431 | D:1      | Reached XP level 3. HP: 27/29 MP: 3/3
  1040 | D:2      | Reached XP level 4. HP: 30/35 MP: 4/4
  1095 | D:2      | Reached skill level 1 in Dodging
  1249 | D:2      | Noticed Jessica
  1255 | D:2      | Killed Jessica
  1403 | D:3      | Noticed Foahim's ghost (average HuFi)
  1918 | D:3      | Killed Foahim's ghost
  1918 | D:3      | Reached skill level 4 in Fighting
  1918 | D:3      | Reached XP level 5. HP: 26/42 MP: 5/5
  1918 | D:3      | Reached XP level 6. HP: 29/48 MP: 6/6
  2248 | D:3      | Found a basalt altar of Yredelemnul.
  2693 | D:4      | Found a white marble altar of Elyvilon.
  2888 | D:4      | Noticed asdu's ghost (weakling VSBe)
  2892 | D:4      | Killed asdu's ghost
  2946 | D:4      | Noticed Sigmund
  2982 | D:4      | Killed Sigmund
  2982 | D:4      | Reached XP level 7. HP: 17/55 MP: 7/7
  3282 | D:5      | Entered Level 5 of the Dungeon
  3348 | D:5      | Found an iron altar of Okawaru.
  3971 | D:5      | Reached XP level 8. HP: 37/61 MP: 8/8
  3985 | D:5      | Found a burning altar of Makhleb.
  4318 | D:5      | HP: 2/61 [orc wizard/magic dart (3)]
  4331 | D:5      | HP: 3/61 [orc wizard/magic dart (8)]
  4347 | D:5      | Slain by an orc wizard

Action                   |  1- 3 |  4- 6 |  7- 9 || total
-------------------------+-------+-------+-------++-------
Melee: Trident           |   124 |   202 |       ||   326
       Scythe            |       |       |   169 ||   169
  Use: Potion            |       |     4 |     3 ||     7
       Scroll            |       |     2 |     1 ||     3
  Eat: Bread ration      |     1 |       |     1 ||     2
       Meat ration       |       |     1 |       ||     1
